Map: [ESL] Dragon Scales

Players

Lambo - Winner!

  • Race: Zerg Zerg
  • Spawn Location: 11:00

Milkicow

  • Race: Terran Terran
  • Spawn Location: 5:00

Event: ESL SC2 Masters 2023 Summer (Regionals)

VOD

Have the link to the VOD?

Description

Time

  • Played on: May 4, 2023, 11:40 a.m.
  • Length: 16:59

All games in this series

Show
View Real Time Build Order
Export as new Build Order

Lambo Zerg - Winner!

Build Orders: Pool First 

Get SALT Encoding   

  12  0:00  Drone  
  13  0:13  Overlord  
  13  0:17  Drone  
  14  0:31  Drone x2  
  14  0:35  Drone  
  17  0:43  Spawning Pool  
  17  0:47  Drone  
  17  1:08  Hatchery  
  17  1:09  Drone  
  17  1:13  Drone  
  17  1:15  Extractor  
  17  1:30  Zergling x4  
  17  1:31  Queen  
  22  1:40  Spine Crawler  
  22  1:42  Zergling x2  
  22  1:53  Overlord  
  22  2:11  Queen  
  22  2:14  Zergling x4  
  25  2:19  Queen  
  25  2:21  Zergling x2  
  28  2:27  Zergling x2  
  29  2:39  Overlord  
  29  2:42  Drone x2  
  31  2:48  Spine Crawler  
  31  2:49  Drone  
  31  2:53  Drone  
  32  2:59  Extractor, Drone  
  32  3:04  Drone  
  34  3:07  Drone  
  34  3:10  Queen  
  37  3:14  Drone  
  37  3:17  Drone  
  39  3:22  Drone x3  
  39  3:26  Drone  
  42  3:29  Drone  
  42  3:30  Overlord  
  43  3:35  Overlord  
  43  3:41  Overlord  
  43  3:48  Drone x2  
  45  3:51  Overlord  
  45  3:53  Drone  
  46  3:56  Extractor  
  46  4:02  Drone x4  
  49  4:03  Overlord  
  49  4:06  Drone x2  
  52  4:10  Drone  
  52  4:13  Metabolic Boost  
  52  4:16  Drone  
  53  4:18  Drone  
  54  4:27  Drone x2  
  54  4:28  Drone  
  57  4:34  Hatchery  
  57  4:36  Baneling Nest  
  55  4:39  Drone x2  
  55  4:40  Drone  
  55  4:43  Drone x2  
  60  4:47  Queen  
  60  4:51  Drone  
  63  4:55  Drone x2  
  63  4:58  Lair  
  65  5:02  Zergling x4  
  65  5:03  Zergling x4  
  69  5:10  Overlord  
  69  5:12  Zergling x4  
  70  5:18  Drone x2  
  72  5:27  Zergling x4  
  74  5:32  Extractor  
  74  5:33  Drone  
  74  5:34  Drone x2  
  76  5:36  Zergling x6  
  76  5:41  Baneling x5  
  79  5:48  Queen  
  81  5:50  Drone x3  
  81  5:52  Drone  
  81  5:54  Hatchery  
  81  5:55  Centrifugal Hooks  
  81  5:57  Zergling x4, Evolution Chamber  
  86  6:02  Overlord  
  85  6:04  Zergling x2  
  85  6:05  Zergling x6  
  85  6:06  Drone  
  85  6:10  Zergling x2  
  85  6:11  Zergling x2  
  92  6:12  Drone  
  92  6:16  Zergling x2  
  92  6:18  Baneling x5  
  94  6:20  Zergling x6  
  94  6:23  Overlord  
  94  6:24  Zergling x4  
  99  6:27  Zerg Ground Armor Level 1  
  99  6:30  Overlord  
  99  6:31  Overlord  
  99  6:33  Overlord  
  99  6:38  Overlord  
  98  6:41  Overlord  
  98  6:45  Zergling x6  
  98  6:46  Zergling x6  
  104  6:50  Queen  
  104  6:53  Zergling x8  
  110  6:59  Overseer  
  109  7:03  Zergling x6  
  109  7:07  Evolution Chamber  
  111  7:09  Zergling x4  
  111  7:12  Queen  
  116  7:15  Zergling x10  
  116  7:17  Baneling x5  
  116  7:20  Zergling x8  
  124  7:23  Overlord, Baneling x4  
  124  7:24  Overlord  
  124  7:26  Overlord  
  124  7:28  Overlord  
  123  7:30  Overlord  
  123  7:33  Overlord  
  123  7:34  Overlord  
  123  7:38  Overlord  
  123  7:42  Zergling x8  
  124  7:49  Zerg Melee Weapons Level 1  
  124  7:50  Drone x4  
  124  7:51  Zergling x4  
  129  7:57  Zergling x12  
  134  7:59  Baneling  
  134  8:05  Zergling x6  
  136  8:14  Zergling x12  
  143  8:20  Zergling x10  
  143  8:26  Zergling x10  
  152  8:27  Baneling x2  
  152  8:30  Hatchery  
  152  8:33  Zergling x10  
  156  8:36  Overlord  
  156  8:39  Overlord  
  155  8:45  Zergling x12  
  151  8:49  Zergling x10  
  137  8:55  Zergling x6  
  137  8:58  Zergling x2  
  137  8:59  Zergling x2  
  137  9:01  Zergling x2  
  143  9:03  Baneling x11  
  143  9:07  Zergling x6  
  143  9:08  Baneling x5  
  146  9:11  Zergling x6  
  146  9:16  Overlord  
  147  9:18  Zerg Ground Armor Level 2  
  147  9:20  Drone  
  148  9:24  Drone x3  
  148  9:26  Extractor  
  150  9:32  Drone x6  
  150  9:33  Drone x3  
  150  9:35  Drone  
  159  9:39  Infestation Pit  
  159  9:41  Overseer  
  156  9:48  Zergling x16  
  160  9:55  Zergling x8  
  161  10:01  Zergling x20  
  163  10:12  Drone x4  
  163  10:14  Spore Crawler  
  163  10:21  Hive  
  163  10:22  Drone x8  
  163  10:26  Extractor  
  170  10:33  Zergling x20  
  178  10:37  Zergling x10  
  178  10:41  Zerg Melee Weapons Level 2  
  178  10:42  Queen  
  185  10:44  Zergling x2  
  185  10:49  Overlord  
  184  10:53  Zergling x2  
  184  10:54  Zergling x4  
  185  10:59  Zergling x14  
  185  11:03  Zergling x2  
  186  11:07  Zergling x8  
  186  11:08  Overlord  
  186  11:09  Baneling x4  
  182  11:12  Zergling x12  
  187  11:20  Zergling x4  
  189  11:29  Spore Crawler  
  189  11:31  Zergling x12  
  189  11:32  Baneling x11  
  194  11:33  Baneling x8  
  194  11:34  Overseer  
  194  11:36  Hatchery  
  194  11:37  Drone x2  
  194  11:38  Adrenal Glands  
  195  11:40  Zergling x8, Ultralisk Cavern  
  197  11:48  Baneling x6  
  197  11:49  Zergling x6  
  197  11:54  Baneling x6  
  199  11:57  Overlord  
  193  12:04  Zergling x26  
  189  12:10  Zergling x8  
  189  12:13  Zergling x2  
  189  12:14  Zergling x8  
  152  12:16  Zergling x6  
  152  12:18  Zergling x2  
  152  12:20  Zergling x4  
  141  12:24  Zergling x4  
  141  12:25  Baneling x9  
  141  12:26  Baneling x3  
  141  12:29  Zergling x2  
  144  12:30  Baneling x5  
  144  12:32  Zergling x10  
  149  12:38  Zergling x10  
  149  12:40  Zergling x2  
  149  12:42  Queen x3  
  161  12:50  Zergling x12  
  163  12:54  Zergling x2  
  160  13:03  Zergling x16  
  160  13:04  Queen x2  
  161  13:06  Viper  
  161  13:09  Zergling x14  
  164  13:13  Zergling x6  
  164  13:15  Ultralisk  
  164  13:16  Chitinous Plating  
  164  13:17  Zergling x4  
  175  13:22  Zergling x8  
  175  13:27  Zerg Melee Weapons Level 3  
  174  13:30  Zergling x14  
  181  13:39  Zergling x22  
  191  13:48  Zergling x2  
  191  13:49  Zergling x8  
  191  13:50  Hatchery  
  191  13:52  Ultralisk  
  200  13:59  Zerg Ground Armor Level 3  
  194  14:03  Extractor  
  194  14:05  Zergling x14  
  194  14:06  Extractor  
  199  14:16  Zergling x2  
  200  14:18  Overlord  
  200  14:19  Baneling x12  
  200  14:20  Overlord  
  200  14:28  Zergling x4  
  199  14:38  Baneling x11  
  199  14:41  Baneling x3  
  199  14:48  Overlord  
  181  15:00  Zergling x40  
  195  15:07  Drone  
  195  15:08  Drone x2  
  195  15:09  Drone x2  
  199  15:18  Zergling x2  
  199  15:19  Zergling x2  
  200  15:28  Baneling x21  
  199  15:33  Baneling x8  
  199  15:34  Zergling x2  
  200  15:37  Anabolic Synthesis  
  200  15:45  Hatchery  
  200  15:48  Zergling x4  
  198  15:51  Overlord  
  198  15:54  Zergling x28  
  193  16:00  Ultralisk x2  
  193  16:02  Zergling x30  
  196  16:07  Zergling x18  
  196  16:09  Baneling x12  
  198  16:14  Zergling x4  
  199  16:20  Zergling x2  
  198  16:30  Zergling x4  
  198  16:32  Baneling x15  
Show
View Real Time Build Order
Export as new Build Order

Milkicow Terran 

Build Orders:  

Get SALT Encoding   

  12  0:00  SCV  
  13  0:12  SCV  
  14  0:17  Supply Depot  
  14  0:24  SCV  
  15  0:41  Barracks  
  15  0:49  Barracks  
  15  1:05  Barracks  
  15  1:08  SCV  
  16  1:20  SCV  
  17  1:28  Marine  
  18  1:33  Orbital Command  
  18  1:37  Marine  
  19  1:42  Supply Depot  
  19  1:46  Marine  
  20  1:49  Bunker  
  20  1:53  Marine  
  21  1:58  Marine  
  22  2:04  Marine  
  24  2:08  SCV  
  24  2:12  Marine  
  24  2:14  Bunker  
  25  2:22  Bunker  
  26  2:23  SCV  
  28  2:35  SCV  
  27  2:46  Command Center  
  27  2:49  Refinery  
  28  2:54  Marine x2  
  28  2:55  Supply Depot  
  29  2:58  Marine  
  29  3:01  SCV  
  31  3:17  Marine x3, SCV  
  35  3:21  Supply Depot  
  35  3:29  SCV  
  36  3:34  Barracks, Marine x3  
  39  3:43  SCV  
  40  3:50  Factory  
  40  3:55  SCV, Refinery  
  42  4:00  Orbital Command  
  41  4:07  SCV  
  42  4:19  SCV  
  42  4:21  Barracks Tech Lab  
  43  4:28  SCV  
  44  4:31  SCV  
  45  4:39  Factory Reactor  
  45  4:41  SCV, Starport  
  45  4:42  Refinery  
  45  4:43  SCV  
  45  4:44  Marine x4  
  51  4:47  Supply Depot  
  51  4:53  SCV  
  51  4:56  SCV  
  51  4:59  Stimpack  
  53  5:02  Marine x2  
  53  5:05  SCV  
  56  5:08  SCV  
  56  5:11  Supply Depot  
  57  5:15  Marine x2  
  57  5:17  SCV  
  57  5:20  Marine x2, SCV  
  63  5:24  Medivac  
  63  5:26  Medivac  
  66  5:29  SCV  
  66  5:32  SCV  
  66  5:33  Marine  
  66  5:35  Marine  
  70  5:36  Supply Depot  
  70  5:37  Factory Tech Lab  
  70  5:41  SCV  
  71  5:44  SCV  
  71  5:48  Marine  
  71  5:51  Marine  
  71  5:53  SCV  
  71  5:54  Marine  
  71  5:56  SCV  
  75  5:58  Siege Tank  
  75  6:00  Supply Depot  
  75  6:01  Marine x2  
  75  6:03  Medivac  
  82  6:05  SCV  
  82  6:06  Marine  
  82  6:07  Supply Depot  
  82  6:08  SCV  
  82  6:09  Marine  
  86  6:16  Supply Depot  
  86  6:21  Marine x3  
  86  6:24  Marine  
  90  6:26  Marine  
  90  6:31  Siege Tank  
  94  6:39  Marine x3  
  95  6:40  SCV  
  95  6:42  Marine  
  95  6:47  Command Center  
  96  6:48  Marine  
  96  6:51  Medivac  
  96  6:54  SCV  
  100  6:55  SCV  
  100  6:57  Marine x3, Engineering Bay  
  100  6:59  Marine, Supply Depot  
  100  7:00  Refinery  
  105  7:06  SCV, Marine  
  107  7:09  SCV  
  107  7:12  Siege Tank  
  107  7:15  Combat Shield  
  110  7:17  Supply Depot  
  110  7:20  Marine x2  
  110  7:21  SCV, Starport Reactor  
  113  7:26  Marine  
  113  7:28  Marine  
  113  7:29  Marine  
  116  7:31  SCV  
  117  7:38  Marine x2  
  117  7:40  SCV  
  117  7:43  Marine  
  120  7:45  SCV, Marine  
  120  7:46  Terran Infantry Weapons Level 1  
  120  7:47  Marine  
  120  7:48  Engineering Bay  
  123  7:52  SCV  
  123  7:56  Marine x2  
  129  7:58  Siege Tank  
  129  8:00  Orbital Command, SCV  
  129  8:04  Marine x2  
  129  8:05  Medivac  
  134  8:11  Marine  
  133  8:14  Marine  
  133  8:16  Marine  
  133  8:17  Medivac  
  133  8:18  SCV  
  138  8:21  Terran Infantry Armor Level 1  
  138  8:24  Armory  
  141  8:34  Orbital Command  
  141  8:35  Barracks Reactor x2, Siege Tank  
  141  8:40  Supply Depot  
  121  8:54  Marine  
  112  8:57  Marine  
  112  8:59  SCV  
  112  9:01  SCV  
  112  9:02  SCV  
  117  9:03  Medivac x2  
  117  9:09  Command Center  
  116  9:12  SCV  
  116  9:14  SCV  
  118  9:18  SCV  
  118  9:20  Siege Tank  
  118  9:24  SCV  
  123  9:26  SCV  
  123  9:28  Marine x2, Supply Depot  
  123  9:30  SCV  
  127  9:35  Supply Depot  
  127  9:36  SCV, Sensor Tower, Supply Depot  
  127  9:38  SCV, Marine x2  
  129  9:39  Marine  
  129  9:42  Terran Infantry Weapons Level 2, SCV  
  133  9:47  Barracks  
  133  9:48  SCV  
  130  9:54  Marine  
  130  9:57  Marine  
  130  9:58  Marine x5  
  130  9:59  Medivac x2, Siege Tank  
  143  10:00  SCV x2  
  140  10:10  SCV  
  140  10:12  Marine, SCV  
  138  10:15  Marine  
  138  10:16  Marine, SCV  
  141  10:22  Marauder, SCV  
  141  10:24  SCV  
  141  10:25  Command Center, Supply Depot  
  145  10:34  Marine  
  145  10:39  Marine x2  
  145  10:40  Marine  
  148  10:43  Marine  
  148  10:44  Marauder, Siege Tank, Barracks Tech Lab  
  148  10:46  Medivac x2  
  156  10:50  Refinery, Factory  
  156  10:53  SCV, Marine  
  157  11:00  SCV  
  157  11:03  Marine  
  151  11:05  Marine  
  151  11:06  SCV  
  151  11:07  Marine, Terran Infantry Armor Level 2  
  151  11:09  Planetary Fortress  
  151  11:10  Marine  
  148  11:14  SCV  
  148  11:17  SCV  
  149  11:18  Marine  
  149  11:20  SCV  
  149  11:21  Marine  
  149  11:24  Marine  
  153  11:26  SCV, Command Center, Marine  
  155  11:34  Siege Tank  
  155  11:35  SCV  
  155  11:37  Marine x2, Marauder  
  155  11:38  Factory Tech Lab  
  163  11:43  Supply Depot  
  163  11:44  SCV x2  
  165  11:47  Marine  
  165  11:48  Marine x2  
  165  11:49  Liberator x2  
  165  11:52  SCV  
  175  11:55  Marine  
  175  11:56  Marine  
  175  11:59  Siege Tank  
  168  12:03  SCV  
  168  12:06  Marine  
  168  12:07  Marauder, Marine, SCV x2  
  168  12:08  Marine x2  
  168  12:14  Marine  
  168  12:15  Marine  
  153  12:18  SCV  
  153  12:19  SCV  
  153  12:20  Planetary Fortress  
  149  12:23  SCV  
  149  12:24  Marine  
  149  12:25  Marine x2  
  152  12:30  Command Center  
  152  12:31  SCV x2  
  152  12:32  Siege Tank  
  152  12:35  SCV  
  158  12:39  Marine  
  157  12:46  Marine  
  157  12:47  SCV, Marine  
  157  12:48  SCV  
  157  12:50  Marine  
  154  12:52  Marine x2  
  154  12:53  Marine  
  154  12:54  Marine  
  154  12:57  Marine  
  154  13:00  SCV  
  154  13:03  SCV, Siege Tank  
  154  13:04  SCV, Marine  
  153  13:05  Marine  
  153  13:07  Marine  
  153  13:10  Marine, SCV  
  152  13:16  Marine  
  152  13:17  Marine x2  
  152  13:18  Siege Tank  
  152  13:19  Marauder, SCV  
  162  13:22  Marine  
  162  13:23  Marine  
  163  13:28  Command Center  
  163  13:35  Marine, Marauder  
  163  13:37  SCV  
  163  13:38  Supply Depot  
  169  13:42  SCV  
  169  13:46  Command Center  
  167  13:48  Marine  
  167  13:52  Marine  
  167  13:54  Siege Tank  
  172  13:56  Marauder  
  172  13:59  Sensor Tower  
  167  14:04  Drilling Claws, Command Center  
  167  14:05  Siege Tank  
  167  14:06  Marine  
  171  14:10  Marine x4  
  171  14:13  Marine  
  176  14:18  Marine  
  176  14:19  Marauder  
  176  14:24  Marine, Ghost Academy  
  179  14:27  Marine  
  179  14:28  Marine  
  179  14:29  Siege Tank  
  174  14:33  SCV  
  175  14:39  Marine  
  175  14:41  Marine x4  
  175  14:42  Marine  
  184  14:48  Marine  
  184  14:50  Orbital Command  
  173  15:00  SCV x4  
  173  15:04  Marine  
  181  15:12  SCV x4  
  181  15:13  Planetary Fortress  
  182  15:16  SCV  
  182  15:18  Marine  
  177  15:24  SCV x4  
  177  15:25  Marine  
  177  15:28  SCV  
  183  15:30  Refinery  
  183  15:33  Marine x4, Marauder  
  191  15:43  Marine  
  191  15:44  Siege Tank  
  191  15:45  SCV  
  187  16:01  Marine  
  187  16:02  Marauder, SCV  
  187  16:03  SCV  
  187  16:05  Marine  
  187  16:07  SCV  
  187  16:10  Marine  
  175  16:17  Command Center  
  175  16:21  SCV  
  175  16:29  Marine  
  175  16:30  SCV  
  175  16:32  SCV x2  
  171  16:37  Marine  
  171  16:38  SCV  
  146  16:41  Marine  
  146  16:43  SCV  
  146  16:44  SCV  
  146  16:46  SCV  
Tags
 
Add a new tag
Caveats
  • Supply blocks, unpowered buildings, or Contaminate may cause inaccurate times.
  • Supply counts are checked every 10 seconds.